[Event "Titled Tuesday Blitz December 27 Early 2022"]
[White "Lavrov, Maxim"]
[Black "Sargissyan, Sargis"]
[WhiteFideId "4166418"]
[BlackFideId "13303210"]
[WhiteElo "2376"]
[BlackElo "2234"]
[Result "1-0"]
[Round "03"]
[TimeControl "180+2"]
[Date "2022.12.27"]
[WhiteClock "0:01:38"]
[BlackClock "0:00:14"]

1. Nf3 Nf6 2. g3 g6 3. Bg2 Bg7 4. O-O O-O 5. d3 d5 6. Nbd2 c5 7. e4 Nc6 8. Re1 h6 9. exd5 Nxd5 10. Nc4 b5 11. Nce5 Nxe5 12. Nxe5 Qd6 13. c4 Bxe5 14. Bxd5 Rb8 15. Bxh6 Bg7 16. Bf4 e5 17. Be3 Be6 18. Bxe6 Qxe6 19. b3 Qd6 20. Rc1 b4 21. Qf3 Rfd8 22. Rcd1 Rd7 23. h4 Rbd8 24. h5 gxh5 25. Qxh5 Qf8 26. Qf5 Qd6 27. Bg5 Re8 28. Kg2 Qc6+ 29. f3 Re6 30. Qe4 Qxe4 31. dxe4 Red6 32. Rd5 Rxd5 33. exd5 f6 34. Be3 Bf8 35. f4 Bd6 36. fxe5 fxe5 37. Rh1 e4 38. Rh6 Be5 39. Re6 Bd4 40. Rxe4 1-0


[Site "https://www.chess.com"]

[Event "Titled Tuesday Blitz December 27 Early 2022"]
[White "Legenia, Artem"]
[Black "Matinian, Nikita"]
[WhiteFideId "14136945"]
[BlackFideId "24129100"]
[WhiteElo "2092"]
[BlackElo "2407"]
[Result "1/2-1/2"]
[Round "03"]
[TimeControl "180+2"]
[Date "2022.12.27"]
[WhiteClock "0:00:11"]
[BlackClock "0:00:03"]

1. d4 Nf6 2. Nf3 e6 3. c3 b6 4. Bf4 Bb7 5. Nbd2 h6 6. h3 c5 7. e3 Be7 8. Bd3 O-O 9. a4 d6 10. Qe2 Nbd7 11. O-O Qc7 12. Rfc1 e5 13. dxe5 Nxe5 14. Nxe5 dxe5 15. Bh2 Qc6 16. e4 Rfe8 17. Bxe5 Qe6 18. Bh2 Bf8 19. Re1 Rad8 20. Bb5 Re7 21. Rad1 Qc8 22. Bd3 Rde8 23. f3 Bc6 24. Bb5 h5 25. Kh1 Re6 26. Nf1 g6 27. Ne3 Bh6 28. Bxc6 Qxc6 29. Qb5 Qc8 30. Nd5 Nxd5 31. Rxd5 f5 32. e5 f4 33. Qc4 g5 34. Rd6 Bg7 35. h4 gxh4 36. Bxf4 Kh8 37. Qd5 Rxd6 38. Qxd6 Qf5 39. e6 h3 40. g3 Qc2 41. Qd2 Qg6 42. Kh2 Rxe6 43. Qd8+ Kh7 44. Rxe6 Qxe6 45. Qd3+ Kg8 46. Be3 Kf7 47. f4 Qg4 48. Qd5+ Kg6 49. Qe4+ Kf7 50. Qb7+ Kg6 51. Qe4+ Kf7 52. Qd5+ Kg6 53. Qe4+ 1/2-1/2


[Site "https://www.chess.com"]

[Event "Titled Tuesday Blitz December 27 Early 2022"]
[White "Lehtosaari, Mauri"]
[Black "Kravtsiv, Martyn"]
[WhiteFideId "501999"]
[BlackFideId "14113147"]
[WhiteElo "2176"]
[BlackElo "2598"]
[Result "0-1"]
[Round "03"]
[TimeControl "180+2"]
[Date "2022.12.27"]
[WhiteClock "0:00:07"]
[BlackClock "0:00:22"]

1. d4 d5 2. Nf3 Nf6 3. Bg5 Ne4 4. Bf4 c5 5. e3 Nc6 6. c3 Qb6 7. Qb3 c4 8. Qxb6 axb6 9. Nfd2 Bf5 10. Be2 e6 11. Bf3 b5 12. Nxe4 dxe4 13. Be2 Ne7 14. Nd2 Nd5 15. Bg3 Be7 16. O-O h5 17. h3 h4 18. Bh2 O-O 19. Rfc1 Bg5 20. Kf1 Rfc8 21. Bd6 Rc6 22. Bb4 Bf6 23. Ke1 e5 24. dxe5 Bxe5 25. a3 Rca6 26. Rab1 Bg6 27. Bg4 f5 28. Bd1 Bf7 29. Bc2 g5 30. Bc5 Rc6 31. Bd4 Bxd4 32. exd4 Nf4 33. Kf1 Nd3 34. Rd1 Bd5 35. Ke2 Re8 36. g3 hxg3 37. fxg3 f4 38. Nf1 e3 39. Bxd3 cxd3+ 40. Kxd3 e2 41. Re1 exf1=Q+ 42. Rxf1 Be4+ 43. Kd2 Bxb1 44. Rxb1 fxg3 45. Rg1 Rf6 0-1


[Site "https://www.chess.com"]

[Event "Titled Tuesday Blitz December 27 Early 2022"]
[White "Levitan, Caleb Levi"]
[Black "Turzo, Attila"]
[WhiteFideId "14332620"]
[BlackFideId "704954"]
[WhiteElo "2129"]
[BlackElo "2279"]
[Result "0-1"]
[Round "03"]
[TimeControl "180+2"]
[Date "2022.12.27"]
[WhiteClock "0:00:10"]
[BlackClock "0:00:06"]

1. e4 c5 2. Nf3 d6 3. d4 cxd4 4. Nxd4 Nf6 5. Nc3 a6 6. Bc4 e6 7. Bb3 Nbd7 8. Bg5 h6 9. Bh4 b5 10. f4 b4 11. Nce2 g5 12. fxg5 Nxe4 13. Ng3 Nxg3 14. Bxg3 hxg5 15. Qf3 Nb6 16. O-O Qc7 17. Ba4+ Nxa4 18. Qxa8 Qb7 19. Qxb7 Bxb7 20. b3 Nc5 21. a3 bxa3 22. Rxa3 Bg7 23. Nf3 Ne4 24. Rd1 g4 25. Nd2 Bd4+ 26. Kf1 Nxg3+ 27. hxg3 Bc3 28. Nc4 Ke7 29. Nxd6 Rh1+ 30. Ke2 Rxd1 31. Nxb7 Rd2+ 32. Ke3 Rxg2 33. Rxa6 Rxg3+ 34. Kf4 Rg1 35. Nc5 Kf6 36. Ra7 Bd2+ 37. Ke4 Re1+ 38. Kd3 Bc1 39. Ne4+ Ke5 40. Ra5+ Kf4 41. Ng3 Kxg3 42. Kc3 Re3+ 43. Kd4 f5 44. Ra6 e5+ 45. Kd5 f4 46. c3 Rxc3 47. b4 f3 48. b5 f2 49. Rf6 Rf3 50. b6 Rxf6 51. b7 Rf8 52. Ke4 f1=Q 53. b8=Q Qf3+ 54. Kxe5 Rxb8 55. Ke6 Qc6+ 56. Ke5 Rb5+ 57. Kd4 Qa6 58. Kc3 Qa3+ 59. Kc4 Qa4+ 60. Kc3 Rb3+ 61. Kc2 Qa2+ 62. Kd1 Bf4 63. Ke1 Rb1# 0-1


[Site "https://www.chess.com"]

[Event "Titled Tuesday Blitz December 27 Early 2022"]
[White "Lewtak, Damian"]
[Black "Tarasova, Viktoriya"]
[WhiteFideId "1141724"]
[BlackFideId "4175840"]
[WhiteElo "2381"]
[BlackElo "2226"]
[Result "1-0"]
[Round "03"]
[TimeControl "180+2"]
[Date "2022.12.27"]
[WhiteClock "0:00:05"]
[BlackClock "0:00:05"]

1. e4 e5 2. Nf3 Nc6 3. Bb5 Nf6 4. O-O Nxe4 5. d4 Nd6 6. Bxc6 dxc6 7. dxe5 Nf5 8. Qxd8+ Kxd8 9. h3 Bd7 10. Rd1 Kc8 11. Nbd2 h6 12. Nf1 Ne7 13. Ng3 c5 14. a4 a5 15. b3 b6 16. Bb2 Bc6 17. Nd2 Kb7 18. Nc4 Ng6 19. Rd2 Be7 20. f3 Bg5 21. Rdd1 Rhd8 22. Ne2 Rxd1+ 23. Rxd1 Rd8 24. Rxd8 Bxd8 25. Kf2 Bd5 26. Ne3 Bc6 27. g3 b5 28. axb5 Bxb5 29. c4 Bc6 30. Nf5 a4 31. bxa4 Bxa4 32. Ke3 Bb3 33. Kd3 Ne7 34. Nxg7 Nc6 35. Nf5 Nb4+ 36. Kc3 Bd1 37. Kd2 Bb3 38. Nxh6 Bxc4 39. f4 Be7 40. Nf5 Bf8 41. h4 Nd3 42. Kc3 Ba6 43. Ba3 Nb4 44. Nc1 Nd5+ 45. Kd2 Nb6 46. Nd3 Nc4+ 47. Kc3 Nxa3 48. h5 Nb5+ 49. Kd2 Nd4 50. h6 Nxf5 51. h7 Bg7 52. g4 Nd4 53. f5 Nf3+ 54. Ke3 Nd4 55. f6 Bh8 56. Nf4 Nc2+ 57. Ke4 Nb4 58. g5 Kc6 59. g6 fxg6 60. f7 Bd3+ 61. Nxd3 Bg7 62. f8=Q Bxf8 63. h8=Q Nxd3 64. Kxd3 c4+ 65. Kxc4 Bc5 66. Qg8 1-0


[Site "https://www.chess.com"]

[Event "Titled Tuesday Blitz December 27 Early 2022"]
[White "Makarian, Rudik"]
[Black "Liyanage, Ranindu Dilshan"]
[WhiteFideId "44105681"]
[BlackFideId "9915834"]
[WhiteElo "2545"]
[BlackElo "2342"]
[Result "1-0"]
[Round "03"]
[TimeControl "180+2"]
[Date "2022.12.27"]
[WhiteClock "0:00:13"]
[BlackClock "0:00:20"]

1. d3 g6 2. g3 Bg7 3. Bg2 d5 4. f4 c5 5. Nf3 Nc6 6. O-O Nf6 7. Nc3 d4 8. Na4 Nd7 9. c4 O-O 10. a3 Qc7 11. Bd2 b6 12. b4 Bb7 13. Rb1 Rab8 14. b5 Nd8 15. Nb2 f6 16. Qe1 Nf7 17. Nd1 e5 18. Nf2 Rbe8 19. f5 gxf5 20. Nh4 Bxg2 21. Kxg2 e4 22. Bf4 Qb7 23. Kg1 Nfe5 24. Qd1 Ng6 25. Nxf5 Nxf4 26. gxf4 exd3 27. exd3 Qc7 28. Qg4 Nb8 29. Rbe1 Kh8 30. Ne4 Rg8 31. Neg3 Rxe1 32. Rxe1 Bh6 33. Qh5 Qxf4 34. Nxh6 Nd7 35. Nxg8 Ne5 36. Rxe5 fxe5 37. Nh6 Qc1+ 38. Kg2 Qd2+ 39. Kh3 Qxd3 40. Qe8+ Kg7 41. Nf5+ Kf6 42. Qe7+ Kg6 43. Qg7# 1-0


[Site "https://www.chess.com"]

[Event "Titled Tuesday Blitz December 27 Early 2022"]
[White "Makhmudov, Shukhrat"]
[Black "Oro, Faustino"]
[WhiteFideId "14200775"]
[BlackFideId "20000197"]
[WhiteElo "2115"]
[BlackElo "2269"]
[Result "0-1"]
[Round "03"]
[TimeControl "180+2"]
[Date "2022.12.27"]
[WhiteClock "0:02:27"]
[BlackClock "0:02:10"]

1. e4 c5 2. Nf3 d6 3. d4 cxd4 4. Nxd4 Nf6 5. Nc3 a6 6. h3 e5 7. Nf3 Be7 8. g4 Be6 9. Ng5 O-O 10. Nxe6 fxe6 11. Be3 Nc6 12. Qd2 b5 13. a3 Qc7 14. O-O-O Rab8 15. g5 Nh5 16. h4 b4 17. axb4 Nxb4 18. Bc4 Qxc4 19. Qe2 Na2+ 20. Kb1 Nxc3+ 0-1


[Site "https://www.chess.com"]

[Event "Titled Tuesday Blitz December 27 Early 2022"]
[White "Manon-og, Ramon Jr."]
[Black "Dias, Joao Batista"]
[WhiteFideId "5200776"]
[BlackFideId "2108240"]
[WhiteElo "1999"]
[BlackElo "1796"]
[Result "0-1"]
[Round "03"]
[TimeControl "180+2"]
[Date "2022.12.27"]
[WhiteClock "0:01:23"]
[BlackClock "0:02:10"]

1. e4 e5 2. f4 exf4 3. Nf3 d5 4. Nc3 dxe4 5. Nxe4 Nf6 6. Nc3 Bd6 7. d4 O-O 8. Bc4 Bg4 9. O-O b6 10. h3 Bxf3 11. Rxf3 Nc6 12. d5 Ne5 13. Rxf4 Nxc4 14. Rxc4 Re8 15. Bg5 h6 16. Bxf6 Qxf6 17. Qd2 Qe5 18. Qf2 Qh2+ 19. Kf1 Bc5 20. Qd2 Qg1# 0-1


[Site "https://www.chess.com"]

[Event "Titled Tuesday Blitz December 27 Early 2022"]
[White "Manukyan, Sargis A."]
[Black "Domingo Nunez, Ruben"]
[WhiteFideId "13303970"]
[BlackFideId "22245570"]
[WhiteElo "2158"]
[BlackElo "2416"]
[Result "1-0"]
[Round "03"]
[TimeControl "180+2"]
[Date "2022.12.27"]
[WhiteClock "0:00:09"]
[BlackClock "0:00:04"]

1. Nf3 g6 2. h4 Bg7 3. h5 d5 4. d4 Bg4 5. h6 Bf6 6. Ne5 Bf5 7. c4 Bxe5 8. dxe5 dxc4 9. Qa4+ Nc6 10. Na3 Qd5 11. Qxc4 Qxe5 12. g3 Be4 13. Rh4 Nf6 14. Nb5 O-O-O 15. Nc3 Bd3 16. Qxf7 Nd4 17. Rxd4 Qxd4 18. exd3 Rhf8 19. Qe6+ Kb8 20. Be3 Qb4 21. O-O-O Rd6 22. Qc4 Qa5 23. Bg2 a6 24. Kb1 Nd7 25. Qe4 Rc6 26. Qxe7 Qf5 27. Be4 Qe6 28. Qxh7 Nf6 29. Qxg6 Nxe4 30. Qxe4 Qf7 31. h7 Re6 32. Qd5 Rh8 33. Rh1 b6 34. Bd4 Rxh7 35. Rxh7 Re1+ 36. Kc2 Qxh7 37. Qd8+ Kb7 38. Be3 Qf7 39. Qd4 Rh1 40. Qe4+ Kb8 41. Qxh1 Qg6 42. Qe4 a5 43. Qxg6 1-0


[Site "https://www.chess.com"]

[Event "Titled Tuesday Blitz December 27 Early 2022"]
[White "Martic, Ivan"]
[Black "Mahdavi, Reza"]
[WhiteFideId "929301"]
[BlackFideId "12595926"]
[WhiteElo "2301"]
[BlackElo "2339"]
[Result "1-0"]
[Round "03"]
[TimeControl "180+2"]
[Date "2022.12.27"]
[WhiteClock "0:00:48"]
[BlackClock "0:00:09"]

1. e4 c5 2. Nf3 e6 3. d4 cxd4 4. Nxd4 Nc6 5. Nc3 Qc7 6. g3 a6 7. Bg2 Nf6 8. O-O Nxd4 9. Qxd4 Bc5 10. Bf4 d6 11. Qd2 h6 12. Rad1 e5 13. Be3 Bb4 14. Nb5 axb5 15. Qxb4 Rxa2 16. Rxd6 O-O 17. Rxf6 gxf6 18. Bxh6 Rd8 19. Qxb5 Qxc2 20. Qb6 Kh7 21. Qxd8 Kxh6 22. Qxf6+ Kh7 23. Qxf7+ Kh8 24. Qf6+ Kg8 25. Qxe5 Rxb2 26. Bf3 Rb1 27. Rxb1 Qxb1+ 28. Kg2 Qc1 29. Qe8+ Kg7 30. Qe7+ Kg8 31. e5 Qc4 32. Qd8+ Kg7 33. Bd5 Qg4 34. Qf6+ Kh7 35. e6 Qg7 36. Be4+ Kg8 37. Qd8+ Qf8 38. e7 1-0


[Site "https://www.chess.com"]

[Event "Titled Tuesday Blitz December 27 Early 2022"]
[White "McBryde, Lamel"]
[Black "Johnson, Ben"]
[WhiteFideId "2058596"]
[BlackFideId "2010917"]
[WhiteElo "1861"]
[BlackElo "1961"]
[Result "0-1"]
[Round "03"]
[TimeControl "180+2"]
[Date "2022.12.27"]
[WhiteClock "0:00:01"]
[BlackClock "0:00:08"]

1. Nf3 d5 2. b3 Nc6 3. Bb2 Nf6 4. d4 Bg4 5. Nbd2 e6 6. a3 Bd6 7. c4 dxc4 8. bxc4 O-O 9. Qb3 Bf4 10. e3 Bh6 11. Bc3 Bxf3 12. Nxf3 Ne4 13. Bb2 e5 14. Qxb7 Qd7 15. d5 Na5 16. Qb4 Rab8 17. Nxe5 Rxb4 18. Nxd7 Rxb2 19. Nxf8 Kxf8 20. Be2 Nb3 21. Rd1 Nc3 22. O-O Nxe2+ 23. Kh1 Ke7 24. Rb1 Rxb1 25. Rxb1 Nc5 26. Rb5 Kd6 27. Rb8 Nc3 28. g3 Nd1 29. Kg2 Nc3 30. Kf3 a5 31. Rh8 a4 32. Rb8 Nb3 33. e4 g6 34. Re8 Bg7 35. Ke3 Nb1 36. f4 Nxa3 37. e5+ Kd7 38. Ra8 Nxc4+ 39. Kd3 Nb6 40. Rh8 a3 41. Rxh7 a2 42. Rxg7 a1=Q 43. Rxf7+ Kd8 44. d6 Qd4+ 45. Ke2 cxd6 46. e6 Qc4+ 47. Kf3 Qxe6 48. Rh7 Qf5 49. g4 Nd4+ 50. Kg3 Qd3+ 51. Kh4 Ne6 52. Rb7 Nxf4 53. Kg5 Ne6+ 54. Kf6 Qd5 55. Rxb6 Qe5+ 56. Kf7 Nc5 57. Rb8+ Kc7 58. Re8 Qf4+ 59. Kg7 g5 60. Re7+ Kc6 61. Rf7 Qxg4 62. Kg6 Qf4 0-1


[Site "https://www.chess.com"]

[Event "Titled Tuesday Blitz December 27 Early 2022"]
[White "McCoy, Owen"]
[Black "Fajdetic, Hrvoje"]
[WhiteFideId "30924502"]
[BlackFideId "14501945"]
[WhiteElo "2085"]
[BlackElo "2151"]
[Result "1-0"]
[Round "03"]
[TimeControl "180+2"]
[Date "2022.12.27"]
[WhiteClock "0:00:17"]
[BlackClock "0:00:07"]

1. Nf3 f5 2. g3 d6 3. Bg2 e5 4. d3 Nf6 5. O-O Be7 6. Nbd2 O-O 7. e4 Nc6 8. c3 Qe8 9. exf5 Bxf5 10. Qb3+ Kh8 11. d4 Rb8 12. dxe5 dxe5 13. Ng5 Ng4 14. Ne6 Rf6 15. Nxc7 Qh5 16. h3 Nxf2 17. Rxf2 Bc5 18. Nd5 Bxf2+ 19. Kxf2 Bc2+ 20. Nxf6 Qf5+ 21. Kg1 Bxb3 22. Nfe4 Bd5 23. Nd6 Qe6 24. N2e4 Rf8 25. Be3 b6 26. a3 Ne7 27. g4 Ng6 28. Nf5 Nf4 29. Bxf4 exf4 30. Re1 Bxe4 31. Rxe4 Qc8 32. Nd4 g6 33. Bf3 Qc5 34. Kg2 Kg7 35. Ne6+ 1-0


[Site "https://www.chess.com"]

[Event "Titled Tuesday Blitz December 27 Early 2022"]
[White "Melikhov, Evgeny V."]
[Black "Demin, Vladimir"]
[WhiteFideId "4122046"]
[BlackFideId "4167457"]
[WhiteElo "2269"]
[BlackElo "2430"]
[Result "0-1"]
[Round "03"]
[TimeControl "180+2"]
[Date "2022.12.27"]
[WhiteClock "0:00:14"]
[BlackClock "0:00:14"]

1. d4 Nf6 2. c4 e6 3. Nc3 d5 4. cxd5 exd5 5. Bg5 c6 6. Qc2 h6 7. Bh4 Be7 8. e3 O-O 9. Bd3 b5 10. Nf3 Nbd7 11. O-O a5 12. h3 Bb7 13. Ne5 Nxe5 14. dxe5 Nd7 15. Bg3 Bc5 16. Qe2 Qe7 17. Qh5 a4 18. Rae1 b4 19. Ne2 Rae8 20. Qf5 g6 21. Qf4 Nxe5 22. Bb1 Qg5 23. Nd4 Qxf4 24. Bxf4 Kg7 25. b3 Ba6 26. Ne2 axb3 27. axb3 Nd3 28. Bxd3 Bxd3 29. Rc1 Be7 30. Rfe1 Bxe2 31. Rxe2 Rc8 32. Rd2 Bf6 33. Bd6 Rfd8 34. Bxb4 Rd7 35. Bc3 Bxc3 36. Rxc3 Kf6 37. b4 Ke6 38. Rd4 Ke5 39. f4+ Ke6 40. Kf2 f5 41. g4 Rb7 42. Kf3 Kd6 43. Rc5 Rcb8 44. Ra5 Rxb4 45. Rxb4 Rxb4 46. Ra7 Ke6 47. Rh7 Kf6 48. Rxh6 Kg7 49. g5 c5 50. h4 Rb3 51. Kf2 Rb2+ 52. Kg3 Re2 53. h5 gxh5 54. Rf6 Rxe3+ 55. Kf2 Re4 56. Kf3 c4 57. Rxf5 Rd4 58. Re5 c3 59. f5 c2 60. Re7+ Kf8 61. f6 c1=Q 62. g6 Qf1+ 0-1


[Site "https://www.chess.com"]

[Event "Titled Tuesday Blitz December 27 Early 2022"]
[White "Mihajlov, Sebastian"]
[Black "Ankerst, Mihael"]
[WhiteFideId "1512110"]
[BlackFideId "14602369"]
[WhiteElo "2373"]
[BlackElo "2370"]
[Result "0-1"]
[Round "03"]
[TimeControl "180+2"]
[Date "2022.12.27"]
[WhiteClock "0:01:56"]
[BlackClock "0:02:22"]

1. e4 c5 2. Nf3 Qb6 3. d4 cxd4 4. Nxd4 Nf6 5. Nc3 e5 6. Nb3 Bb4 7. Bd3 d5 8. exd5 Nxd5 9. Bd2 Nxc3 10. bxc3 Bd6 11. O-O O-O 12. c4 Qc7 13. Rb1 Be6 14. c5 Be7 15. Qe2 Nd7 16. f4 Nxc5 17. fxe5 Nxd3 18. cxd3 Rfd8 19. Kh1 Qc2 20. d4 Bc4 0-1


[Site "https://www.chess.com"]

[Event "Titled Tuesday Blitz December 27 Early 2022"]
[White "Mikhailovsky, Vladimir"]
[Black "Moskvin, Anatoly"]
[WhiteFideId "34105414"]
[BlackFideId "24199990"]
[WhiteElo "2215"]
[BlackElo "2189"]
[Result "0-1"]
[Round "03"]
[TimeControl "180+2"]
[Date "2022.12.27"]
[WhiteClock "0:00:02"]
[BlackClock "0:00:10"]

1. e4 e5 2. Nf3 Nc6 3. Nc3 Nf6 4. d4 exd4 5. Nxd4 Bb4 6. Nxc6 bxc6 7. Bd3 d5 8. exd5 cxd5 9. O-O O-O 10. h3 c6 11. Qf3 Bd6 12. Bf4 Rb8 13. b3 Be6 14. Rfe1 c5 15. Rad1 Bxf4 16. Qxf4 Qa5 17. Na4 Bd7 18. Nb2 Qxa2 19. Na4 Qa3 20. Ra1 Qb4 21. Qxb4 cxb4 22. Nc5 Bb5 23. Rxa7 Bxd3 24. Nxd3 Ra8 25. Rxa8 Rxa8 26. Nxb4 Rb8 27. Nc6 Rb6 28. Ra1 g6 29. Ra8+ Kg7 30. Nd4 Rb4 31. Ra4 Rb6 32. Kf1 Kf8 33. f3 Rb7 34. Ra6 Ne8 35. Ke2 Ke7 36. Nc6+ Kd7 37. Ne5+ Ke7 38. Kd3 Nc7 39. Rc6 f6 40. Ng4 Ne6 41. Ne3 Rb5 42. h4 h5 43. g3 Kd7 44. Rc3 d4 45. Kc4 Rc5+ 46. Kb4 Rxc3 47. Nd5 Rxf3 48. Kc4 Kd6 49. Nb6 Rxg3 50. b4 Kc6 0-1


[Site "https://www.chess.com"]

[Event "Titled Tuesday Blitz December 27 Early 2022"]
[White "Minko, Dmitry"]
[Black "Williams, Simon K"]
[WhiteFideId "24188468"]
[BlackFideId "404454"]
[WhiteElo "2247"]
[BlackElo "2465"]
[Result "0-1"]
[Round "03"]
[TimeControl "180+2"]
[Date "2022.12.27"]
[WhiteClock "0:00:12"]
[BlackClock "0:01:29"]

1. e4 c5 2. Nf3 d6 3. d4 cxd4 4. Nxd4 Nf6 5. Nc3 g6 6. Be3 a6 7. f3 b5 8. Qd2 Bb7 9. g4 Bg7 10. O-O-O h5 11. g5 Nfd7 12. h4 Nb6 13. a3 O-O 14. Qf2 N8d7 15. f4 Rc8 16. f5 Rxc3 17. bxc3 Qc8 18. f6 exf6 19. Nxb5 axb5 20. Bxb6 Qxc3 21. Bd4 Qxa3+ 22. Bb2 Qa2 23. Bd3 Rc8 24. Qd4 Nc5 25. Rhf1 Nb3# 0-1


[Site "https://www.chess.com"]

[Event "Titled Tuesday Blitz December 27 Early 2022"]
[White "Mitrovic, Darko R"]
[Black "Kahlert, Thomas"]
[WhiteFideId "927023"]
[BlackFideId "4625242"]
[WhiteElo "2220"]
[BlackElo "2144"]
[Result "1-0"]
[Round "03"]
[TimeControl "180+2"]
[Date "2022.12.27"]
[WhiteClock "0:01:02"]
[BlackClock "0:02:12"]

1. d4 Nf6 2. Nf3 g6 3. g3 Bg7 4. Bg2 O-O 5. O-O d5 6. c4 dxc4 7. Na3 Nc6 8. Nxc4 Be6 9. Nce5 Bd5 10. Nxc6 bxc6 11. e3 a5 12. Bd2 a4 13. Bb4 Ne4 14. Nd2 Nxd2 15. Qxd2 Bxg2 16. Kxg2 Qd5+ 17. Kg1 Rfe8 18. Qc2 e5 19. dxe5 Bxe5 20. Rfd1 Qf3 21. Rac1 Ra6 22. Bc3 Bxc3 23. Qxc3 Rb6 24. Rd4 h5 25. Rxa4 Reb8 26. b3 Kh7 27. Rf4 1-0


[Site "https://www.chess.com"]

[Event "Titled Tuesday Blitz December 27 Early 2022"]
[White "Mohammed, Zozek Salah Mohammed"]
[Black "Hon, Eric"]
[WhiteFideId "4803361"]
[BlackFideId "2097117"]
[WhiteElo "2210"]
[BlackElo "1897"]
[Result "1-0"]
[Round "03"]
[TimeControl "180+2"]
[Date "2022.12.27"]
[WhiteClock "0:01:19"]
[BlackClock "0:01:26"]

1. d4 Nf6 2. Nf3 g6 3. c4 Bg7 4. g3 O-O 5. Bg2 d5 6. O-O c6 7. Nbd2 a5 8. Ne5 Na6 9. e4 dxe4 10. Nxe4 Nxe4 11. Bxe4 Bh3 12. Re1 Bxe5 13. dxe5 Qxd1 14. Rxd1 Rfd8 15. Be3 Rxd1+ 16. Rxd1 Nb4 17. a3 Na6 18. Bb6 a4 19. f3 Be6 20. c5 Kf8 21. Bc2 Ke8 22. Bxa4 Nxc5 23. Bxc6+ bxc6 24. Bxc5 Bd5 25. Kf2 e6 26. Rd4 Kd7 27. a4 Rb8 28. b4 Ra8 29. a5 h5 30. Ke3 Ke8 31. Kf4 Rb8 32. a6 Ra8 33. a7 Kd7 34. Kg5 Kc7 35. Kf6 Bxf3 36. Kxf7 Bd5 37. Kxg6 1-0


[Site "https://www.chess.com"]

[Event "Titled Tuesday Blitz December 27 Early 2022"]
[White "Moreno Perez, Tobias Sebastian"]
[Black "Gerbelli Neto, Eduardo"]
[WhiteFideId "186716"]
[BlackFideId "2103281"]
[WhiteElo "2256"]
[BlackElo "2114"]
[Result "1-0"]
[Round "03"]
[TimeControl "180+2"]
[Date "2022.12.27"]
[WhiteClock "0:00:31"]
[BlackClock "0:00:12"]

1. Nf3 Nf6 2. b3 d5 3. Bb2 e6 4. e3 Be7 5. g3 O-O 6. Bg2 c5 7. O-O Nc6 8. d3 b6 9. Nbd2 Qc7 10. Qe2 Bb7 11. e4 dxe4 12. dxe4 e5 13. c3 a5 14. a4 Ba6 15. Nc4 Rfe8 16. Rfd1 Rad8 17. Nfd2 Bf8 18. Qe1 g6 19. Ne3 Bg7 20. Ndc4 b5 21. axb5 Bxb5 22. Rxd8 Rxd8 23. Rd1 Rb8 24. Ba3 Bxc4 25. bxc4 Bf8 26. Nd5 Nxd5 27. cxd5 Na7 28. c4 Rb3 29. Ra1 Bd6 30. Bc1 Qb6 31. Qxa5 Qxa5 32. Rxa5 Rb1 33. Rxa7 Rxc1+ 34. Bf1 Kg7 35. Kg2 Kf6 36. Rd7 Bb8 37. Rd8 Rb1 38. Rc8 Bd6 39. Rc6 Ke7 40. h4 h5 41. Be2 Rb2 42. Bd1 Rb1 43. Ba4 Rc1 44. Bb5 Re1 45. Kf3 Rb1 46. Rc8 Rb3+ 47. Kg2 Rb2 48. Re8+ Kf6 49. Rd8 Ke7 50. Rd7+ 1-0


[Site "https://www.chess.com"]

[Event "Titled Tuesday Blitz December 27 Early 2022"]
[White "Mortazavi, Ali"]
[Black "Jones, Gawain C B"]
[WhiteFideId "401323"]
[BlackFideId "409561"]
[WhiteElo "2333"]
[BlackElo "2618"]
[Result "0-1"]
[Round "03"]
[TimeControl "180+2"]
[Date "2022.12.27"]
[WhiteClock "0:00:07"]
[BlackClock "0:01:05"]

1. b3 g6 2. Bb2 Nf6 3. e4 Bg7 4. e5 Nd5 5. c4 Nb6 6. d4 d6 7. exd6 exd6 8. Nf3 O-O 9. Be2 Nc6 10. O-O Bg4 11. Nbd2 Re8 12. h3 Bf5 13. a3 Qd7 14. Re1 a5 15. Nf1 a4 16. Ne3 axb3 17. Qxb3 Na5 18. Qa2 Na4 19. Rad1 Be4 20. Ba1 Re7 21. d5 Nc3 22. Qb2 f5 23. Qxc3 Bxc3 24. Bxc3 Bxf3 25. Bxf3 b6 26. Rd4 Nb3 27. Rh4 Rxa3 28. Kh2 Nc5 29. Bf6 Nd3 30. Nxf5 Rxe1 31. Nh6+ Kf8 32. Bg4 Nxf2 0-1


[Site "https://www.chess.com"]

[Event "Titled Tuesday Blitz December 27 Early 2022"]
[White "Najdin, Danil"]
[Black "Kleiman, Jake"]
[WhiteFideId "4172426"]
[BlackFideId "2020041"]
[WhiteElo "2235"]
[BlackElo "2399"]
[Result "0-1"]
[Round "03"]
[TimeControl "180+2"]
[Date "2022.12.27"]
[WhiteClock "0:00:04"]
[BlackClock "0:00:15"]

1. e4 e5 2. Nf3 Nc6 3. Bc4 Bc5 4. c3 Nf6 5. d3 O-O 6. O-O d5 7. exd5 Nxd5 8. Re1 Bg4 9. Nbd2 Nb6 10. Ne4 Bd6 11. Bb3 Kh8 12. h3 Bh5 13. Ng3 Bg6 14. a4 a5 15. Bg5 f6 16. Be3 Be7 17. Nh4 Bxd3 18. Qh5 Qe8 19. Qf3 f5 20. Bxb6 e4 21. Qe3 Bxh4 22. Bxc7 Qe7 23. Qb6 Ra6 24. Qxb7 Qd7 25. Nxf5 Qxf5 26. Bg3 Bxg3 27. fxg3 Qc5+ 28. Kh2 Rb6 29. Rf1 Bxf1 30. Rxf1 Rxb7 0-1


[Site "https://www.chess.com"]

[Event "Titled Tuesday Blitz December 27 Early 2022"]
[White "Narayanan.S.L"]
[Black "Orujov, Elshad"]
[WhiteFideId "5058422"]
[BlackFideId "13403540"]
[WhiteElo "2660"]
[BlackElo "2304"]
[Result "1-0"]
[Round "03"]
[TimeControl "180+2"]
[Date "2022.12.27"]
[WhiteClock "0:01:59"]
[BlackClock "0:02:17"]

1. e4 c5 2. Na3 d6 3. c3 Nf6 4. Bb5+ Bd7 5. Bxd7+ Nbxd7 6. d3 e6 7. f4 Be7 8. Nf3 Rb8 9. c4 a6 10. O-O O-O 11. b3 b5 12. Kh1 bxc4 13. bxc4 Nb6 14. Bd2 d5 15. cxd5 exd5 16. e5 Ng4 17. Nc2 c4 18. d4 Nh6 19. Ne3 Na4 20. Qxa4 1-0


[Site "https://www.chess.com"]

[Event "Titled Tuesday Blitz December 27 Early 2022"]
[White "Oparin, Grigoriy"]
[Black "Starozhilov, Leonid"]
[WhiteFideId "24125890"]
[BlackFideId "14106752"]
[WhiteElo "2667"]
[BlackElo "2313"]
[Result "1/2-1/2"]
[Round "03"]
[TimeControl "180+2"]
[Date "2022.12.27"]
[WhiteClock "0:00:32"]
[BlackClock "0:00:14"]

1. e4 g6 2. d4 Bg7 3. Nf3 d6 4. Bd3 Nf6 5. O-O O-O 6. Re1 Nc6 7. h3 e5 8. c3 b6 9. Bg5 Bb7 10. Nbd2 h6 11. Bh4 g5 12. Bg3 Nh5 13. Bh2 Nf4 14. Bf1 exd4 15. cxd4 Nxd4 16. Nxd4 Bxd4 17. Qc2 c5 18. Nf3 Be5 19. Rad1 Qe7 20. Bc4 Kg7 21. Rd2 Rad8 22. a4 Ng6 23. Nxe5 dxe5 24. Red1 Rd4 25. f3 Rfd8 26. Kh1 Bc6 27. b3 Nf4 28. Bg1 Rxd2 29. Rxd2 Rxd2 30. Qxd2 Qd7 31. Qe1 f6 32. h4 Qd6 33. hxg5 hxg5 34. Be3 Bd7 35. g3 Ng6 36. Be2 Be6 37. Qc3 a5 38. Kg2 Ne7 39. Bc4 Nc6 40. Bxe6 Qxe6 41. Qd3 Nd4 42. Bxd4 cxd4 43. Qb5 Qd6 44. Kf2 Qc5 45. Qd7+ Kg6 46. Qf5+ Kg7 47. Qd7+ Kh6 48. Qh3+ Kg6 49. Qf5+ Kf7 50. Qd7+ Kf8 51. Qd8+ Kf7 52. Qd7+ Kg6 53. Qf5+ 1/2-1/2


[Site "https://www.chess.com"]

[Event "Titled Tuesday Blitz December 27 Early 2022"]
[White "Osiecki, Stanislaw"]
[Black "Sovetov, Oleksandr"]
[WhiteFideId "1102990"]
[BlackFideId "34105786"]
[WhiteElo "2055"]
[BlackElo "1976"]
[Result "1-0"]
[Round "03"]
[TimeControl "180+2"]
[Date "2022.12.27"]
[WhiteClock "0:00:23"]
[BlackClock "0:00:09"]

1. e4 c5 2. c3 d5 3. e5 Bf5 4. d4 e6 5. Bd3 Bxd3 6. Qxd3 Nc6 7. Ne2 Nge7 8. O-O h5 9. Rd1 Nf5 10. a3 c4 11. Qh3 Qh4 12. Qxh4 Nxh4 13. Bg5 Nf5 14. Ng3 Nxg3 15. fxg3 Be7 16. Bxe7 Kxe7 17. Nd2 Rhc8 18. Rf1 b5 19. Rf4 a5 20. Raf1 Nd8 21. Nf3 f6 22. exf6+ gxf6 23. Rh4 Nf7 24. Rxh5 b4 25. axb4 axb4 26. cxb4 Rab8 27. Nh4 Ng5 28. Ng6+ Kd6 29. Rxf6 Ne4 30. Rf7 Rxb4 31. Rhh7 Rxb2 32. h4 Rb1+ 33. Kh2 Nd2 34. Ne5 Nf1+ 35. Kh3 Rd8 36. Rd7+ Rxd7 37. Rxd7# 1-0


[Site "https://www.chess.com"]